AoeStats
← M4lt3

Socotra

506267436Analyzed
2v2 RM · 18d ago on Sep 13, 2026· 25m 48s· 4 players
Game mode
Random Map
Map size
Tiny (2 player)
Population
200
Speed
Normal
Resources
Standard
Victory
Conquest
Starting age
Dark Age
Ending age
Imperial Age
RankedLock teamsTeams togetherTeam positionsShared explorationLock speedFull tech treeHidden civsTurbo modeCheats
Victory
Defeat
🇩🇪 Portuguese · Germany
1668
+9
🇩🇪 Romans · Germany
1634
+10
🇺🇸 Goths · United States
1509
-10
🇺🇸 Franks · United States
1490
-9
Mandrek
0:44 Loom
10:56 Feudal Age
11:31 Double-Bit Axe
11:40 Horse Collar
21:00 Castle Age
20:16 Gold Mining
20:36 Scale Mail Armor
20:52 Fletching
24:35 Squires
Curly
6:17 Loom
11:10 Feudal Age
15:43 Scale Barding Armor
15:50 Double-Bit Axe
22:47 Castle Age
21:12 Gold Mining
22:28 Wheelbarrow
22:34 Forging
105er.G0ldenFir3
3:39 Loom
10:18 Feudal Age
10:44 Horse Collar
10:54 Double-Bit Axe
15:03 Forging
17:44 Wheelbarrow
18:51 Bloodlines
18:54 Scale Barding Armor
23:03 Castle Age
23:08 Light Cavalry
24:59 Chain Barding Armor
M4lt3
2:46 Loom
11:11 Feudal Age
11:47 Double-Bit Axe
15:23 Fletching
22:25 Gold Mining
22:16 Horse Collar
24:50 Castle Age
23:39 Scale Mail Armor
24:54 Crossbowman
25:29 Bodkin Arrow
Connection lost

Rejoining the realm…

Still unreachable

The connection could not be restored.

Session expired

The server has moved on; the page needs a fresh start.